 Dungeon Crawl Stone Soup version 0.18-a0-750-g37044d6 (webtiles) character file.

175 ventricule the Ducker (level 5, -1/46 HPs)
             Began as a Draconian Artificer on Dec 11, 2015.
             Succumbed to Sigmund's poison
             ... on level 3 of the Dungeon.
             The game lasted 00:07:01 (2447 turns).

ventricule the Ducker (Draconian Artificer)         Turns: 2447, Time: 00:07:02

Health: -1/46      AC: 12    Str: 14    XL:     5   Next: 29%
Magic:  7/7        EV: 14    Int: 17    God:
Gold:   100        SH:  0    Dex: 16    Spells: 0 memorised, 4 levels left

rFire  . . .     SeeInvis .     i - +3 mace (protect)
rCold  . . .     Clarity  .     (armour unavailable)
rNeg   . . .     SustAt   .     (no shield)
rPois  .         Gourm    .     (helmet restricted)
rElec  .         Spirit   .     n - +0 cloak
rCorr  .         Dismiss  .     l - +0 pair of gloves
rMut   .         Stasis   .     (no boots)
MR     .....                    (no amulet)
Stlth  ++........               k - +4 ring of dexterity
                                (no ring)

@: brilliant, lethally poisoned (-1 -> -46), very slightly contaminated, hasted,
very quick, not resistant to hostile enchantments, unstealthy
A: unfitting armour, cold-blooded, AC +5
a: no special abilities


You were on level 3 of the Dungeon.
You were not hungry.

You visited 1 branch of the dungeon, and saw 3 of its levels.

You collected 100 gold pieces.


Innate Abilities, Weirdness & Mutations

Your plain brown scales are hard (AC +5).
Your body does not fit into most forms of armour.
You are cold-blooded and may be slowed by cold attacks.


   Skills:
 + Level 3.8 Fighting
 - Level 1.0 Short Blades
 + Level 3.9 Dodging
 - Level 0.8 Stealth
 - Level 3.0 Evocations


You had 4 spell levels left.
You didn't know any spells.

Inventory:

Hand Weapons
 a - a +0 short sword
 f - a +0 spear
 i - a +3 mace of protection (weapon)
 m - a -1 dagger
Armour
 l - a +0 pair of gloves (worn)
 n - a +0 cloak (worn)
Jewellery
 j - an uncursed ring of loudness
 k - a +4 ring of dexterity (right hand)
Wands
 b - a wand of flame (4)
 c - a wand of enslavement (12)
 d - a wand of random effects (4)
Scrolls
 g - a scroll of remove curse
 o - a scroll of magic mapping
Comestibles
 e - 2 bread rations

Dungeon Overview and Level Annotations

Branches:
Dungeon (3/15)

Altars:

Annotations:
D:3 Sigmund

▒▒▒▒▒▒▒▒▒
▒.......▒
▒.......▒
▒.......▒▒▒▒▒
▒...........▒
▒.......▒▒▒.▒▒
▒..)....▒
▒..▒▒▒▒▒▒▒▒
▒.......▒
▒▒..d.....▒▒▒▒▒
▒▒.......▒
▒▒▒▒▒▒▒▒.....▒
.........▒▒▒▒▒▒▒▒
▒▒▒...▒▒▒▒▒▒.
.▒▒▒▒▒▒▒.)......▒
▒..........
▒▒▒▒▒▒▒▒.▒
▒...▒▒▒▒▒▒. ▒.▒▒
▒...▒ ▒.)▒▒
▒...▒▒ ▒▒..▒
▒▒...▒ ▒▒>▒▒▒▒
▒.▒.g.....


There were no monsters in sight!


Message History

Zapping:
c - a wand of enslavement (13) Nothing appears to happen.
This wand has 12 charges left.
You feel sick.
You're too confused to move!
You feel sick. Something hits you but does no damage.
You are more poisoned.
Drink which item? (? for menu, Esc to quit)
Okay, then.
Evoke which item? (* to show all) (? for menu, Esc to quit)
Zapping:
d - a wand of random effects (5) Nothing appears to happen.
This wand has 4 charges left.
You feel sick. Something hits you!
* * * LOW HITPOINT WARNING * * *
You are more poisoned.
Drink which item? (? for menu, Esc to quit)
It was a potion of brilliance.
You feel clever all of a sudden.
* * * LOW HITPOINT WARNING * * *
You feel very sick.
Drink which item? (? for menu, Esc to quit)
It was a potion of haste.
You feel yourself speed up.
You feel less confused.
* * * LOW HITPOINT WARNING * * *
You feel very sick. Something hits you!
* * * LOW HITPOINT WARNING * * *
You are more poisoned.
You are very lightly contaminated with residual magic.
* * * LOW HITPOINT WARNING * * *
You feel sick.
You die...

Action                   |  1- 3 |  4- 6 || total
-------------------------+-------+-------++-------
Melee: Spear             |    77 |    42 ||   119
       Short sword       |    11 |       ||    11
       Dagger            |    39 |     7 ||    46
       Mace              |       |     1 ||     1
Evoke: Wand              |    11 |    14 ||    25
  Use: Scroll            |     4 |     1 ||     5
       Potion            |     1 |     2 ||     3
 Stab: Sleeping          |     1 |     1 ||     2
  Eat: Chunk             |     1 |     4 ||     5

Vault maps used:
D:1:      dpeg_arrival_tiny_f, hangedman_decor_riveting
D:3:      old_standard_altar, first_bread, uniq_sigmund

Notes
Turn   | Place    | Note
--------------------------------------------------------------
     0 | D:1      | ventricule the Draconian Artificer began the quest for the Orb.
     0 | D:1      | Reached XP level 1. HP: 16/16 MP: 3/3
   114 | D:1      | Reached skill level 2 in Dodging
   151 | D:1      | Reached XP level 2. HP: 24/24 MP: 4/4
   345 | D:1      | Reached skill level 2 in Fighting
   837 | D:2      | Reached XP level 3. HP: 16/30 MP: 5/5
  1336 | D:2      | Noticed a swamp drake
  1336 | D:2      | a worm changed into a swamp drake
  1351 | D:2      | Killed a swamp drake
  1351 | D:2      | Reached skill level 3 in Fighting
  1351 | D:2      | Reached skill level 3 in Dodging
  1351 | D:2      | Reached XP level 4. HP: 22/38 MP: 6/6
  1727 | D:2      | Reached XP level 5. HP: 28/45 MP: 7/7
  2108 | D:3      | HP: 1/45 [orc wizard/magic dart (10)]
  2419 | D:3      | Noticed Sigmund
  2445 | D:3      | HP: 3/46 [something (8)]
  2446 | D:3      | HP: 1/46 [poisoned by Sigmund]
  2447 | D:3      | Succumbed to Sigmund's poison

Vanquished Creatures
  A swamp drake (D:2)
  An orc wizard (D:3)
  An adder (D:2)
  3 worms (D:2)
  3 orcs (D:3)
  A ball python (D:2)
  5 bats
  2 giant cockroaches (D:1)
  7 goblins
  4 hobgoblins
  7 jackals (D:1)
  2 giant newts (D:1)
  A kobold (D:2)
  2 rats (D:1)
40 creatures vanquished.
